 Dungeon Crawl Stone Soup version 0.22-a0-422-g9628fc8 (webtiles) character file.

443 Jonny2123 the Skirmisher (level 6, 0/52 HPs)
             Began as a Centaur Fighter on May 21, 2018.
             Slain by a killer bee (2 damage)
             ... on level 4 of the Dungeon.
             The game lasted 00:14:08 (4064 turns).

Jonny2123 the Skirmisher (Centaur Fighter)          Turns: 4064, Time: 00:14:09

Health: 0/52       AC:  8    Str: 21    XL:     6   Next: 71%
Magic:  6/6        EV:  6    Int:  7    God:    Xom [..*...]
Gold:   232        SH:  9    Dex:  8    Spells: 5/5 levels left

rFire    x . .     SeeInvis .   p - +0 trident
rCold    + . .     Gourm    .   c - +0 shield
rNeg     . . .     Faith    .   b - +0 scale mail
rPois    .         Spirit   .   (no helmet)
rElec    .         Reflect  .   (no cloak)
rCorr    .         Harm     .   n - +0 pair of gloves
MR       .....                  (no barding)
Stlth    ..........             (no amulet)
HPRegen  0.17/turn              q - ring of ice
MPRegen  0.10/turn              (no ring)

@: very quick
A: large, hooves 3, deformed body, speed 2, tough skin 3
a: Renounce Religion


You were on level 4 of the Dungeon.
You worshipped Xom.
You were a toy of Xom.
You were hungry.

You visited 1 branch of the dungeon, and saw 4 of its levels.

You collected 232 gold pieces.

Inventory:

Hand Weapons
 a - a +0 war axe
 e - a +0 dagger
 p - a +0 trident (weapon)
Armour
 b - a +0 scale mail (worn)
 c - a +0 shield (worn)
 k - a +0 robe
 n - a +0 pair of gloves (worn)
Jewellery
 j - a cursed ring of teleportation
 q - a ring of ice (left hand)
Scrolls
 g - a scroll of amnesia {unknown}
 h - a scroll of immolation
 o - a scroll of remove curse {unknown}
Potions
 d - a potion of heal wounds {unknown}
 l - a potion of brilliance
 m - 2 potions of magic
Comestibles
 f - 7 rations


   Skills:
 + Level 4.2 Fighting
 + Level 3.5(3.6) Axes
 + Level 0.1(2.1) Polearms
 + Level 3.3 Armour
 + Level 1.5 Dodging
 + Level 0.2 Stealth
 + Level 3.1 Shields


You had 5 spell levels left.
You didn't know any spells.
Your spell library was empty.

Dungeon Overview and Level Annotations

Branches:
Dungeon (4/15)
 Temple: D:4-7

Altars:
Cheibriados
Xom


Innate Abilities, Weirdness & Mutations

You have hooves in place of feet.
Armour fits poorly on your strangely shaped body.
You cover ground very quickly.
You have extremely tough skin. (AC +3)


Message History

The killer bee is moderately wounded.
You block the killer bee's attack. x2
You puncture the killer bee! Your kick misses the killer bee.
The killer bee is almost dead.
The killer bee stings you.
* * * LOW HITPOINT WARNING * * *
You block the killer bee's attack. The killer bee stings you.
* * * LOW HITPOINT WARNING * * *
You hit the killer bee.
You kill the killer bee!
Your Dodging skill increases to level 1!
The killer bee barely misses you.
The killer bee stings you but does no damage.
You puncture the killer bee! Your kick misses the killer bee.
The killer bee is heavily wounded.
The killer bee stings you.
* * * LOW HITPOINT WARNING * * *
The killer bee stings you.
You die...
Xom chortles!

................#####.# #.
.###.##..#†.#.#..###.....# #.
.....#........#..# #.##### ##
.........y....#..###.########
##.....###...#.........#....
#####.#S.(y.#.####.##.#....
#....sy..ays#......##.#....
#.#.#.####y##########.#####
y..#.# #@# #........... #.#
#.# #.....####.#.##### #. ...
#.....# ##.#...... ' ...
#.....###..#.##..# . ....a
#.....'.r..#.....# .....
#.....###..##.##.#
......##.....# #..##.##.#
#.....# #..##.##.# o
#........#


You could see a worker ant, 3 killer bees and a giant cockroach.

Vanquished Creatures
  2 killer bees (D:4)
  A crimson imp (D:4)
  3 worker ants (D:4)
  12 adders
  An ooze (D:1)
  3 worms
  8 dart slugs
  7 leopard geckos
  8 orcs
  A ball python (D:3)
  2 giant cockroaches (D:2)
  4 goblins
  11 hobgoblins
  20 jackals
  9 kobolds
  4 quokkas
  4 bats
  5 frilled lizards
  9 rats
114 creatures vanquished.

Notes
Turn   | Place    | Note
-------+----------+-------------------------------------------
     0 | D:1      | Jonny2123 the Centaur Fighter began the quest for the Orb.
     0 | D:1      | Reached XP level 1. HP: 19/19 MP: 1/1
   165 | D:1      | Reached XP level 2. HP: 26/26 MP: 2/2
   554 | D:1      | Found a shimmering altar of Xom.
   570 | D:1      | Became a worshipper of Xom of Chaos
   592 | D:1      | Reached XP level 3. HP: 31/31 MP: 3/3
   652 | D:1      | XOM: silly message
  1127 | D:2      | Reached XP level 4. HP: 35/38 MP: 4/4
  1179 | D:2      | XOM is BORED!
  1179 | D:2      | XOM: noise
  1897 | D:3      | Reached XP level 5. HP: 19/46 MP: 5/5
  2336 | D:3      | XOM: divination: magic mapping
  2389 | D:3      | Found a snail-covered altar of Cheibriados.
  2422 | D:3      | XOM is BORED!
  2422 | D:3      | XOM: mild Necr miscast
  2695 | D:3      | XOM: noise
  3213 | D:4      | Reached skill level 4 in Fighting
  3364 | D:4      | Reached XP level 6. HP: 16/52 MP: 6/6
  3470 | D:4      | XOM: mild Hex miscast
  4011 | D:4      | XOM: harmless Tmut miscast
  4036 | D:4      | XOM: confuse monster(s)
  4051 | D:4      | XOM: divination: detect creatures
  4063 | D:4      | Reached skill level 1 in Dodging
  4064 | D:4      | HP: 2/52 [killer bee (4)]
  4064 | D:4      | Slain by a killer bee

Vault maps used:
D:1:      dpeg_arrival_line_fractal, xom_teletrap_fun
D:2:      first_ration, grunt_ministairs_2, grunt_decor_arrowhead,
          kennysheep_generic_room_11
D:3:      kennysheep_slug_shrine

Skill      XL: |  1  2  3  4  5  6 |
---------------+-------------------+-----
Axes           | 2 3 |  3.5
Shields        | 3 |  3.1
Fighting       | 4 |  4.2
Armour         | 3 |  3.3
Dodging        | 1 |  1.5
Polearms       | |  0.1
Stealth        | |  0.2

Action                   |  1- 3 |  4- 6 || total
-------------------------+-------+-------++-------
Melee: War axe           |    83 |   174 ||   257
       Kick              |    11 |    44 ||    55
       Trident           |       |    87 ||    87
  Use: Scroll            |       |     6 ||     6
       Potion            |       |     3 ||     3
  Eat: Ration            |       |     2 ||     2
       Chunk             |       |     1 ||     1
Armor: Scale mail        |    42 |   155 ||   197
Dodge: Dodged            |    19 |    89 ||   108
Block: Shield            |    43 |   161 ||   204

Table legend:
 A = Spawn XP
 B = Non-spawn XP
 C = Spawn XP percentage of total XP
 D = Spawn monster count
 E = Non-spawn monster count
 F = Spawn count percentage of total count
 G = Total turns spent on level
                    A         B        C        D         E        F      G
               +---------+---------+-------+---------+---------+-------+---------
         Total |       0 |     634 |   0.0 |       0 |     114 |   0.0 |  4064
               +---------+---------+-------+---------+---------+-------+---------
           D:1 |       0 |      63 |   0.0 |       0 |      26 |   0.0 |   954
           D:2 |       0 |     113 |   0.0 |       0 |      29 |   0.0 |   924
           D:3 |       0 |     139 |   0.0 |       0 |      39 |   0.0 |  1320
           D:4 |       0 |     319 |   0.0 |       0 |      20 |   0.0 |   866
               +---------+---------+-------+---------+---------+-------+---------
